 Dungeon Crawl Stone Soup version 0.19.1 (webtiles) character file.

259 Milesaru the Chopper (level 5, -5/47 HPs)
             Began as a Minotaur Fighter on Dec 19, 2016.
             Killed by divine providence
             ... invoked by an orc priest
              (12 damage)
             ... on level 4 of the Dungeon.
             The game lasted 00:05:06 (2721 turns).

Milesaru the Chopper (Minotaur Fighter)             Turns: 2721, Time: 00:05:06

Health: -5/47      AC: 11    Str: 20    XL:     5   Next: 95%
Magic:  4/4        EV:  7    Int:  5    God:
Gold:   133        SH: 10    Dex: 11    Spells: 0 memorised, 4 levels left

rFire  . . .     SeeInvis .     a - +0 war axe
rCold  . . .     Gourm    .     b - +0 scale mail
rNeg   . . .     Faith    .     c - +0 shield
rPois  .         Spirit   .     (helmet restricted)
rElec  .         Reflect  .     l - +0 cloak
rCorr  .         Harm     .     e - +0 pair of gloves
MR     .....                    s - +1 pair of boots
Stlth  ..........               (no amulet)
                                (no ring)
                                (no ring)

@: no status effects
A: retaliatory headbutt, horns 2
a: no special abilities


You were on level 4 of the Dungeon.
You were not hungry.

You visited 1 branch of the dungeon, and saw 4 of its levels.

You collected 133 gold pieces.

Inventory:

Hand Weapons
 a - a +0 war axe (weapon)
Armour
 b - a +0 scale mail (worn)
 c - a +0 shield (worn)
 e - a +0 pair of gloves (worn)
 l - a +0 cloak (worn)
 s - a +1 pair of boots (worn)
Jewellery
 p - a cursed ring of teleportation {unknown}
 q - an uncursed ring of protection from magic {unknown}
 r - a +3 ring of strength {unknown}
Scrolls
 g - a scroll of amnesia {unknown}
 k - a scroll of noise {unknown}
 m - a scroll of remove curse {unknown}
 o - 2 scrolls of identify {unknown}
 v - 2 scrolls of enchant weapon {unknown}
 w - a scroll of random uselessness {unknown}
Potions
 d - a potion of might
 j - a potion of lignification {unknown}
 n - 2 potions of curing {unknown}
 x - a potion of brilliance {unknown}
Comestibles
 f - 2 bread rations
 h - 2 royal jellies
 i - 3 fruits
 t - a beef jerky
 u - 4 chunks of flesh


   Skills:
 + Level 4.7 Fighting
 * Level 5.0 Axes
 + Level 4.7 Armour
 + Level 5.0 Shields


You had 4 spell levels left.
You didn't know any spells.

Dungeon Overview and Level Annotations

Branches:
Dungeon (4/15)
 Temple: D:4-7

Altars:
Vehumet
Yredelemnul


Innate Abilities, Weirdness & Mutations

You reflexively headbutt those who attack you in melee.
You have a pair of horns on your head.


Message History

Beogh smites you!
* * * LOW HITPOINT WARNING * * *
You block the orc's attack.
The orc priest hits you but does no damage.
Items here: )) [[ † a club; a leather armour; a dagger; a robe; an orc corpse You barely miss the orc priest.
Your headbutt misses the orc priest.
The orc priest is almost dead.
You closely miss the orc.
The orc priest mumbles some strange prayers to Beogh against you.
Pain shoots through your body!
* * * LOW HITPOINT WARNING * * *
You block the orc's attack.
The orc priest hits you but does no damage.
You barely miss the orc priest.
The orc priest is almost dead.
You hit the orc.
The orc priest invokes the aid of Beogh against you.
Beogh smites you!
You die...

#......##..#.#.#..
#.#######..#.#.#<. #.#
#......... #
#.#######.........
....##.#..............
..................... ..
##########..#.....#.#o...
#.......................#
#####...@o..#.##..#......
#.###o#.#o##..#.#.... #.#
#o#.#.##........# #.#
#.........#...... #.#
########........# #.#
##.#...... #.# #.#####.#
### ... . ####


You could see an orc priest and 2 orcs.

Vanquished Creatures
  A hound (D:4)
  An orc wizard (D:4)
  An orc priest (D:4)
  A worker ant (D:3)
  5 gnolls
  4 adders
  A worm (D:2)
  A dart slug (D:2)
  2 leopard geckos
  3 orcs (D:3)
  3 giant cockroaches
  9 goblins
  6 hobgoblins
  4 jackals (D:3)
  A quokka (D:3)
  4 bats
  2 kobolds
  9 rats
58 creatures vanquished.

Notes
Turn   | Place    | Note
-------+----------+-------------------------------------------
     0 | D:1      | Milesaru the Minotaur Fighter began the quest for the Orb.
     0 | D:1      | Reached XP level 1. HP: 19/19 MP: 0/0
   147 | D:1      | Reached XP level 2. HP: 27/27 MP: 1/1
   752 | D:1      | Reached XP level 3. HP: 33/33 MP: 2/2
  1683 | D:3      | Found a radiant altar of Vehumet.
  1814 | D:3      | Reached XP level 4. HP: 9/40 MP: 3/3
  2250 | D:3      | Found a basalt altar of Yredelemnul.
  2291 | D:3      | Reached XP level 5. HP: 41/46 MP: 4/4
  2716 | D:4      | Reached skill level 5 in Shields
  2717 | D:4      | Reached skill level 5 in Axes
  2721 | D:4      | Killed from afar by an orc priest

Skill      XL: |  1  2  3  4  5 |
---------------+----------------+-----
Axes           | 3 4 5 |  5.0
Fighting       | 4 |  4.7
Armour         | 4 |  4.7
Shields        | 4 5 |  5.0

Action                   |  1- 3 |  4- 6 || total
-------------------------+-------+-------++-------
Melee: War axe           |   113 |    84 ||   197
       Headbutt          |    10 |    13 ||    23
  Eat: Chunk             |     3 |     3 ||     6
Armor: Scale mail        |    50 |    36 ||    86
Dodge: Dodged            |    34 |    23 ||    57
Block: Shield            |    57 |    45 ||   102
